 Dungeon Crawl Stone Soup version 0.19-a0-1260-gc94d3f7 (webtiles) character file.

19669 rlgrobin the Basher (level 12, 0/119 HPs)
             Began as a Deep Dwarf Chaos Knight on Aug 28, 2016.
             Slain by an eight-headed hydra (5 damage)
             ... on level 2 of the Lair of Beasts.
             The game lasted 00:49:44 (11910 turns).

rlgrobin the Basher (Deep Dwarf Chaos Knight)      Turns: 11910, Time: 00:49:45

Health: 0/119      AC: 12    Str: 14    XL:     12   Next: 38%
Magic:  12/12      EV:  7    Int: 13    God:    Xom [......]
Gold:   434        SH:  5    Dex: 15    Spells: 2 memorised, 7 levels left

rFire  + . .     SeeInvis .     a - +0 eveningstar
rCold  + . .     Gourm    .     x - +2 chain mail {MR+}
rNeg   . . .     Faith    .     s - +0 buckler
rPois  +         Spirit   .     F - +2 hat
rElec  .         Dismiss  +     (no cloak)
rCorr  .         Reflect  .     E - +0 pair of gloves
MR     ++...     Harm     .     (no boots)
Stlth  ..........               I - amulet of dismissal
                                V - ring of poison resistance
                                b - ring of protection from cold

@: non-regenerating, drained
A: damage resistance, recharge devices, antennae 1, deformed body, fire
resistance 1, high mp 1, sense surroundings 2, robust 1, slow regeneration 3,
weak 2, wild magic 2
a: Device Recharging, Renounce Religion


You were on level 2 of the Lair of Beasts.
You worshipped Xom.
You were a very special plaything of Xom.
You were not hungry.

You visited 2 branches of the dungeon, and saw 13 of its levels.

You collected 764 gold pieces.
You spent 330 gold pieces at shops.

Inventory:

Hand Weapons
 a - a +0 eveningstar (weapon)
 g - the +7 whip of Departure {slash, -Tele MR++ SInv Stlth+}
   (You found it on level 10 of the Dungeon)

   It inflicts extra damage upon your enemies.
   It affects your resistance to hostile enchantments.
   It lets you see invisible.
   It prevents most forms of teleportation.
   It makes you more stealthy.
 w - a +0 blowgun
 A - a +0 hand axe of chaos
 J - a +2 dire flail of crushing
 T - a +1 morningstar of protection
Missiles
 n - 11 tomahawks (quivered)
 q - 7 javelins
 C - a throwing net
 L - 10 curare-tipped needles
 Q - 8 poisoned needles
Armour
 s - a +0 buckler (worn)
 x - a +2 chain mail of magic resistance (worn)
 E - a +0 pair of gloves (worn)
 F - a +2 hat (worn)
 Y - a +0 helmet
Rods
 z - a +0 rod of clouds (9/9) {!a}
   (You found it on level 10 of the Dungeon)
Jewellery
 b - a ring of protection from cold (left hand)
 i - an uncursed ring of teleportation
 I - an amulet of dismissal (around neck)
 V - a ring of poison resistance (right hand)
Wands
 c - a wand of heal wounds (2/9)
 r - a wand of polymorph (4/24)
 t - a wand of confusion (0/48)
 M - a wand of slowing (30/48)
 O - a wand of paralysis (6/24)
 P - a wand of enslavement (8/24)
 S - a wand of digging (17/24)
 Z - a wand of heal wounds (5/9)
Scrolls
 e - 4 scrolls of immolation
 l - 3 scrolls of remove curse
 p - a scroll of blinking
 u - 2 scrolls of fear
 y - a scroll of enchant armour
 B - 2 scrolls of magic mapping
 W - 2 scrolls of enchant weapon
 X - a scroll of fog
Potions
 h - 2 potions of cure mutation
 j - 2 potions of might
 k - a potion of invisibility
 m - a potion of mutation
 o - 4 potions of curing
 v - 3 potions of lignification
 D - a potion of resistance
 G - a potion of haste
 H - a potion of flight
 K - 2 potions of agility
 N - 4 potions of brilliance
Comestibles
 d - 12 bread rations
 f - 7 meat rations
 R - 9 chunks of flesh {@w1}
 U - 20 fruits


   Skills:
 + Level 7.4(6.9) Fighting
 - Level 3.2(10.0) Axes
 - Level 14.1(13.5) Maces & Flails
 + Level 9.0(8.4) Armour
 - Level 1.1(0.6) Dodging
 - Level 4.1(3.6) Stealth
 - Level 5.0(4.5) Shields
 + Level 10.3(9.7) Evocations


You had 7 spell levels left.
You knew the following spells:

 Your Spells              Type           Power        Failure   Level  Hunger
q - Blink                 Tloc           N/A          100%        2    ###....
v - Repel Missiles        Chrm/Air       #.....       100%        2    ###....


Dungeon Overview and Level Annotations

Branches:
Dungeon (11/15)            Temple (0/1) D:4            Lair (2/6) D:11
  Swamp: Lair:2-4    Shoals: Lair:2-4     Snake: Lair:2-4    Spider: Lair:2-4
    Orc: D:9-12

Altars:
Elyvilon
Gozag
Kikubaaqudgha
Nemelex Xobeh
Okawaru
Sif Muna
Uskayaw
Xom
Yredelemnul
Zin
The Shining One

Shops:
D:6 }

Annotations:
D:10 Snorg
D:11 Roxy's ghost, journeyman FoFi


Innate Abilities, Weirdness & Mutations

You are resistant to damage.
You can recharge devices by infusing magical energy.
You passively map the area around you.
You do not regenerate.
You have a pair of small antennae on your head.
Armour fits poorly on your strangely shaped body.
Your flesh is heat resistant. (rF+)
You have an increased reservoir of magic. (+10% MP)
You are robust. (+10% HP)
You are very weak. (Str -4)
Your spells are harder to cast, but more powerful.


Message History

The eight-headed hydra bites you. The eight-headed hydra bites you! x3
* * * LOW HITPOINT WARNING * * *
The eight-headed hydra bites you!
* * * LOW HITPOINT WARNING * * *
As you read the scroll of fear, it crumbles to dust.
You assume a fearsome visage.
The crocodile looks frightened!
The giant frog looks frightened!
The spiny frog looks frightened!
The elephant looks frightened!
The eight-headed hydra resists with some effort.
The eight-headed hydra bites you!
* * * LOW HITPOINT WARNING * * *
The eight-headed hydra bites you!
* * * LOW HITPOINT WARNING * * *
You block the eight-headed hydra's attack.
The eight-headed hydra bites you!
* * * LOW HITPOINT WARNING * * *
The eight-headed hydra bites you but does no damage.
The eight-headed hydra bites you!
You die...
Xom snickers!

, ####..........#####.... ,
* #..............#.###... ,
#......................
#...#.........####..... ,,
#....#....#...## #...#. ,
####...#P.YY#Y...# ##...##
,, ,*
*#P##......{....#####......
,
,,......####Yt.#.###.......
.P....##.@.FF...##........
.. *
...#...#.D####...###.......
... #.......##....##...#
#....... ...
.....P#..##....##..#
##......
...###...##...##..##...##
#......
.....#...#..............#
###.P##
.........##.#........†..#
####
.....#.........###....###
.......................###


You could see an eight-headed hydra, 2 elephants, a spiny frog (fleeing), a
crocodile (fleeing) and a giant frog (fleeing).

Vanquished Creatures
  A hydra (Lair:2)
  A ghost crab (Lair:2)
  A death knight (D:11)
  Urug (D:10)
  Sonja (D:11)
  The ghost of crawlian the Arsonist, a novice DEFE of Sif Muna (D:8)
  3 hill giants (D:11)
  3 elephants (Lair:2)
  Psyche (D:8)
  2 spiny frogs (Lair:1)
  A komodo dragon (Lair:2)
  2 rime drakes
  A merfolk (D:10)
  A meliai (Lair:1)
  A two-headed ogre (D:11)
  3 blink frogs (Lair:1)
  A wraith (D:11)
  A wyvern (D:11)
  3 hippogriffs
  8 yaks
  A basilisk (Lair:1)
  Grum (D:8)
  A hungry ghost (D:10)
  A steam dragon (D:8)
  Edmund (D:4)
  Menkaure (D:7)
  4 water moccasins
  A black bear (Lair:1)
  An ice beast (D:6)
  3 porcupines (Lair:2)
  3 orc warriors
  6 sky beasts
  10 ogres
  A phantom (D:6)
  8 wolves
  10 centaurs
  5 crocodiles
  4 giant frogs
  6 scorpions
  27 killer bees
  8 wights
  4 howler monkeys
  2 centaur zombies
  2 crimson imps
  2 quasits
  3 hounds
  4 jellies
  6 orc priests
  2 iguanas
  12 orc wizards
  3 giant frog skeletons
  8 worker ants
  A hound zombie (D:5)
  3 hound skeletons
  A howler monkey zombie (D:10)
  A worker ant zombie (D:9)
  15 adders
  3 gnolls (D:7)
  17 river rats
  3 shadow imps
  An ooze (D:2)
  4 worms
  4 dart slugs
  8 giant geckos
  52 orcs
  5 giant cockroaches
  7 goblins
  9 hobgoblins
  10 jackals
  4 quokkas
  12 bats
  2 giant cockroach zombies (D:5)
  4 giant newts
  A jackal skeleton (D:4)
  9 kobolds
  A quokka skeleton (D:8)
  A quokka zombie (D:7)
  10 rats
376 creatures vanquished.

Vanquished Creatures (collateral kills)
  An elephant (Lair:2)
  A phantom (D:7)
  A killer bee (D:8)
  A crimson imp (D:8)
  An orc priest (D:8)
  An orc wizard (D:8)
  A worker ant (D:8)
  An adder (D:7)
  An orc (D:8)
9 creatures vanquished.

Vanquished Creatures (others)
  A porcupine (Lair:2)
  An ogre (D:4)
  The ghost of ximxim the Ducker, an amateur DsGl (D:4)
  2 killer bees
  A giant newt (D:4)
  A fungus (Lair:2)
7 creatures vanquished.

Grand Total: 392 creatures vanquished

Notes
Turn   | Place    | Note
-------+----------+-------------------------------------------
     0 | D:1      | rlgrobin the Deep Dwarf Chaos Knight began the quest for the Orb.
     0 | D:1      | Reached XP level 1. HP: 20/20 MP: 1/1
    55 | D:1      | XOM: potion effect (brilliance)
    58 | D:1      | Reached XP level 2. HP: 24/27 MP: 2/2
   467 | D:1      | Reached XP level 3. HP: 26/33 MP: 3/3
   596 | D:2      | Reached skill level 1 in Stealth
   687 | D:2      | Reached XP level 4. HP: 32/42 MP: 4/4
   708 | D:2      | Found a glowing silver altar of Zin.
   821 | D:2      | XOM: harmless Ice miscast
  1155 | D:2      | Found a sparkling altar of Nemelex Xobeh.
  1309 | D:2      | XOM: potion effect (berserk rage)
  1407 | D:2      | XOM: noise
  1460 | D:3      | XOM: stealth player
  1521 | D:3      | Reached XP level 5. HP: 34/50 MP: 5/5
  1582 | D:3      | XOM: divination: magic mapping
  1607 | D:3      | XOM: harmless Air miscast
  1782 | D:3      | XOM: divination: detect items
  2074 | D:3      | XOM: mild Pois miscast
  2155 | D:3      | XOM: noise
  2258 | D:3      | XOM: noise
  2430 | D:3      | XOM: give mutations
  2430 | D:3      | Gained mutation: You are robust. (+10% HP) [Xom's grace]
  2430 | D:3      | Gained mutation: Your mind is acute. (Int +2) [Xom's grace]
  2430 | D:3      | Gained mutation: You have an increased reservoir of magic. (+10% MP) [Xom's grace]
  2539 | D:4      | XOM: god gift: scroll labeled QEDWAZ HAPE {god gift}
  2576 | D:4      | Reached XP level 6. HP: 23/63 MP: 6/6
  2589 | D:4      | Noticed Edmund
  2589 | D:4      | Noticed ximxim's ghost (amateur DsGl)
  2589 | D:4      | XOM: fog
  2597 | D:4      | Killed ximxim's ghost
  2597 | D:4      | XOM: divine lightning
  2629 | D:4      | Killed Edmund
  2629 | D:4      | Reached skill level 5 in Armour
  2781 | D:4      | Found a deep blue altar of Sif Muna.
  2783 | D:4      | XOM: medium Divn miscast
  2785 | D:4      | XOM: fake destruction
  2850 | D:4      | Found a staircase to the Ecumenical Temple.
  2873 | D:4      | Reached skill level 2 in Maces & Flails
  2873 | D:4      | Reached XP level 7. HP: 43/72 MP: 6/6
  3013 | D:4      | XOM: god gift: 51 gold pieces {god gift}
  3177 | D:5      | Entered Level 5 of the Dungeon
  3185 | D:5      | Reached skill level 3 in Maces & Flails
  3275 | D:5      | Reached skill level 4 in Maces & Flails
  3505 | D:5      | Reached skill level 5 in Maces & Flails
  3518 | D:5      | XOM: mild Air miscast
  3575 | D:5      | Reached XP level 8. HP: 54/80 MP: 7/7
  3578 | D:5      | XOM: 2-stop teleportation journey
  3689 | D:5      | Reached skill level 6 in Maces & Flails
  4088 | D:6      | Found an opulent altar of Gozag.
  4122 | D:6      | Reached skill level 7 in Maces & Flails
  4373 | D:6      | Found Miut's Gadget Shop.
  4376 | D:6      | Bought a wand of paralysis (14/24) for 176 gold pieces
  4376 | D:6      | Bought a wand of enslavement (12/24) for 154 gold pieces
  4398 | D:6      | Reached skill level 1 in Evocations
  4510 | D:6      | XOM: give mutations
  4510 | D:6      | Gained mutation: You are occasionally teleported next to monsters. [Xom's mischief]
  4510 | D:6      | Gained mutation: Your body sometimes deteriorates upon taking damage. [Xom's mischief]
  4510 | D:6      | Lost mutation: You are occasionally teleported next to monsters. [Xom's mischief]
  4510 | D:6      | Lost mutation: Your mind is acute. (Int +2) [Xom's mischief]
  4604 | D:7      | XOM: scenery: 4 doors open
  4623 | D:7      | XOM: divination: magic mapping
  4705 | D:7      | XOM: enchant monster (good)
  4720 | D:7      | Reached skill level 8 in Maces & Flails
  4729 | D:7      | XOM: summons friendly shadow imp
  4758 | D:7      | XOM: confusion (+ monsters)
  4763 | D:7      | XOM: enchant monster (bad)
  4791 | D:7      | Got an ominously black robe
  4806 | D:7      | Identified the +0 robe "Dugemaoj" {+Inv rPois rC+ Str+3} (You found it on level 7 of the Dungeon)
  4906 | D:7      | Gained mutation: You passively map the area around you. [Deep Dwarf growth]
  4906 | D:7      | Reached XP level 9. HP: 56/86 MP: 12/12
  4951 | D:7      | XOM: summons friendly iron imp
  4952 | D:7      | XOM: cast spell 'Metabolic Englaciation'
  5011 | D:7      | Found a hide-covered altar of Uskayaw.
  5030 | D:7      | Noticed Menkaure
  5035 | D:7      | Killed Menkaure
  5035 | D:7      | Reached skill level 5 in Evocations
  5101 | D:7      | Reached skill level 9 in Maces & Flails
  5119 | D:7      | Found a shimmering altar of Xom.
  5230 | D:7      | XOM: cleaving
  5231 | D:7      | XOM: medium Air miscast
  5282 | D:7      | XOM: give mutations
  5282 | D:7      | Gained mutation: Your flesh is heat resistant. (rF+) [Xom's mischief]
  5282 | D:7      | Gained mutation: You passively map a large area around you. [Xom's mischief]
  5282 | D:7      | Gained mutation: Your system is resistant to poisons. (rPois) [Xom's mischief]
  5282 | D:7      | Gained mutation: You can translocate small distances at will. [Xom's mischief]
  5483 | D:7      | XOM: give mutations
  5483 | D:7      | Lost mutation: Your system is resistant to poisons. (rPois) [Xom's mischief]
  5483 | D:7      | Gained mutation: You are weak. (Str -2) [Xom's mischief]
  5494 | D:7      | Reached skill level 10 in Maces & Flails
  5542 | D:7      | Found a glowing golden altar of the Shining One.
  5551 | D:7      | Found an ancient bone altar of Kikubaaqudgha.
  5610 | D:8      | Noticed Grum
  5611 | D:8      | XOM: chaos cloud
  5733 | D:8      | Noticed Psyche
  5749 | D:8      | Killed Psyche
  5890 | D:8      | Reached skill level 11 in Maces & Flails
  5901 | D:8      | XOM: swap monsters
  5916 | D:8      | XOM: medium Necr miscast
  5955 | D:8      | XOM: summons friendly quasit
  5975 | D:8      | Reached XP level 10. HP: 52/95 MP: 12/12
  5979 | D:8      | XOM: harmless Air miscast
  5986 | D:8      | XOM: summons friendly shadow imp
  5995 | D:8      | Killed Grum
  6119 | D:8      | Noticed crawlian's ghost (novice DEFE)
  6132 | D:8      | XOM: 3-stop teleportation journey
  6159 | D:8      | Found a basalt altar of Yredelemnul.
  6402 | D:8      | XOM: mild Tmut miscast
  6421 | D:8      | Found a white marble altar of Elyvilon.
  6489 | D:8      | XOM: medium Chrm miscast
  6517 | D:8      | XOM: confuse monster(s)
  6526 | D:8      | Reached skill level 12 in Maces & Flails
  6532 | D:8      | XOM: fog
  6604 | D:8      | Killed crawlian's ghost
  6773 | D:8      | XOM: scenery: create altars
  6925 | D:9      | XOM: harmless Conj miscast
  7189 | D:9      | Reached skill level 13 in Maces & Flails
  7333 | D:9      | Found an iron altar of Okawaru.
  7417 | D:10     | Entered Level 10 of the Dungeon
  7480 | D:10     | Got a pitted whip
  7481 | D:10     | Identified the +7 whip of Departure {slash, -Tele MR++ SInv Stlth+} (You found it on level 10 of the Dungeon)
  7564 | D:10     | Identified a +0 rod of clouds (9/9) (You found it on level 10 of the Dungeon)
  7630 | D:10     | XOM: noise
  7729 | D:10     | XOM: noise
  7808 | D:10     | XOM: confuse monster(s)
  7945 | D:10     | Noticed Snorg
  7949 | D:10     | XOM: confuse monster(s)
  7954 | D:10     | XOM: cast spell 'Ice Form'
  8011 | D:9      | XOM: scenery: create altars
  8023 | D:9      | XOM: summons 3 friendly demons
  8126 | D:10     | XOM: give mutations
  8126 | D:10     | Lost mutation: Your body sometimes deteriorates upon taking damage. [Xom's mischief]
  8184 | D:10     | Noticed Urug
  8198 | D:10     | Killed Urug
  8198 | D:10     | Reached skill level 14 in Maces & Flails
  8230 | D:10     | XOM: divination: detect items
  8591 | D:11     | Reached XP level 11. HP: 67/102 MP: 13/13
  8597 | D:11     | Noticed a death knight
  8667 | D:11     | Noticed Roxy's ghost (journeyman FoFi)
  8673 | D:11     | Gained mutation: Your spells are a little harder to cast, but a little more powerful. [potion of mutation]
  8728 | D:11     | XOM: cast spell 'Death Channel'
  8798 | D:11     | Noticed a hill giant
  8807 | D:11     | Killed a hill giant
  8848 | D:11     | XOM: cast spell 'Spider Form'
  8852 | D:11     | XOM: enchant monster (good)
  8895 | D:11     | XOM: summons 1 hostile demon
  8949 | D:11     | XOM: enchant monster (bad)
  8967 | D:11     | XOM: repel stairs
  8968 | D:11     | XOM: scenery: create altars
  9201 | D:11     | XOM: polymorph shadow imp -> quasit
  9303 | D:11     | Reached skill level 1 in Shields
  9320 | D:11     | XOM: chaos cloud
  9364 | D:11     | XOM: mild Tloc miscast
  9393 | D:11     | XOM: confusion
  9396 | D:11     | XOM: chaos cloud
  9405 | D:11     | XOM: summons 5 hostile demons
  9421 | D:11     | Found a staircase to the Lair.
  9421 | D:11     | XOM: 6-stop teleportation journey
  9425 | D:11     | XOM: medium Ice miscast
  9431 | D:11     | XOM: noise
  9436 | D:11     | HP: 5/102 [death knight/enchanted glaive (26)]
  9436 | D:11     | XOM: butterfly on damage
  9454 | D:11     | Killed a death knight
  9545 | D:11     | Reached skill level 5 in Shields
  9573 | D:11     | XOM: swap monsters
  9607 | D:11     | Noticed a hill giant
  9609 | D:11     | Noticed Sonja
  9617 | D:11     | XOM: stat loss: -1 Str (14/15)
  9665 | D:11     | Learned a level 2 spell: Repel Missiles
  9668 | D:11     | Learned a level 2 spell: Blink
  9700 | D:11     | Killed Sonja
  9700 | D:11     | Reached skill level 5 in Fighting
  9712 | D:11     | Noticed a hill giant
  9724 | D:11     | Killed a hill giant
  9764 | D:11     | XOM: give mutation
  9764 | D:11     | Lost mutation: You passively map a large area around you. [Xom's mischief]
  9794 | D:11     | Killed a hill giant
  9838 | Lair:1   | Entered Level 1 of the Lair of Beasts
  9843 | Lair:1   | XOM: chaos cloud
  9905 | Lair:1   | XOM: chaos cloud
  9906 | Lair:1   | XOM: mild Conj miscast
 10071 | Lair:1   | XOM: 3-stop teleportation journey
 10077 | Lair:1   | XOM: summons 3 hostile demons
 10123 | Lair:1   | XOM: blink monster(s)
 10135 | Lair:1   | XOM: give mutations
 10135 | Lair:1   | Lost mutation: You can translocate small distances at will. [Xom's mischief]
 10135 | Lair:1   | Gained mutation: Armour fits poorly on your strangely shaped body. [Xom's mischief]
 10135 | Lair:1   | Gained mutation: You are very weak. (Str -4) [Xom's mischief]
 10137 | Lair:1   | XOM: summons friendly quasit
 10380 | Lair:1   | Found an ancient bone altar of Kikubaaqudgha.
 10741 | Lair:1   | XOM: divination: detect items
 11208 | Lair:2   | Noticed an eight-headed hydra
 11289 | Lair:2   | XOM: enchant monster (good)
 11293 | Lair:2   | Reached XP level 12. HP: 79/116 MP: 13/13
 11300 | Lair:2   | XOM: cleaving
 11311 | Lair:2   | XOM: confuse monster(s)
 11342 | Lair:2   | XOM: fog
 11579 | Lair:2   | Noticed a five-headed hydra
 11620 | Lair:2   | Killed a five-headed hydra
 11647 | Lair:2   | XOM: divine lightning
 11652 | Lair:2   | XOM: torment (33/119 hp)
 11653 | Lair:2   | XOM: blink monster(s)
 11672 | Lair:2   | XOM: divination: detect items
 11676 | Lair:2   | Noticed a ghost crab
 11676 | Lair:2   | an elephant changed into a ghost crab
 11676 | Lair:2   | XOM: polymorph elephant -> ghost crab
 11681 | Lair:2   | Reached skill level 10 in Evocations
 11687 | Lair:2   | XOM: confuse monster(s)
 11728 | Lair:2   | Killed a ghost crab
 11750 | Lair:2   | XOM: summons 12 friendly demons
 11850 | Lair:2   | XOM: mild Necr miscast
 11871 | Lair:2   | XOM: give mutations
 11871 | Lair:2   | Gained mutation: Your spells are harder to cast, but more powerful. [Xom's grace]
 11871 | Lair:2   | Gained mutation: You have a pair of small antennae on your head. [Xom's grace]
 11896 | Lair:2   | XOM: summons 4 hostile shadow creatures
 11910 | Lair:2   | HP: 5/119 [eight-headed hydra (6)]
 11910 | Lair:2   | Slain by an eight-headed hydra

Vault maps used:
D:1:      scummos_arrival_checkerplants, lemuel_flame_loot_1
D:2:      kennysheep_big_flooded_room, marbit_many_paths,
          lemuel_coloured_pillars_altar
D:3:      kennysheep_doodads, nicolae_underground_beach, uniq_grinder
D:4:      kennysheep_little_box, first_bread, uniq_edmund
D:6:      lemuel_round_altar, serial_shops, kennysheep_mini, minivault_1
D:7:      nicolae_overflow_quartered_altars, minivault_1, uniq_menkaure
D:8:      kennysheep_ying_yang, uniq_grum, uniq_psyche
D:9:      okawaru_ov_weapons_minmay
D:10:     hangedman_fish_farm, uniq_snorg, uniq_urug
D:11:     lair_0_dummy, uniq_sonja
Lair:1:   basic_altar, grunt_forest_large_clearings, grunt_megastairs_5
Lair:2:   dummy_spider_entry, st_stairs_10, beast_lair_carwin_6,
          grunt_megastairs_1

Skill      XL: |  1  2  3  4  5  6  7  8  9 10 11 12 |
---------------+-------------------------------------+-----
Armour         | 3 4 5 8 9 |  9.0
Fighting       | 3 4 6 7 |  7.4
Stealth        | 1 3 4 |  4.1
Maces & Flails | 2 5 8 11 14 | 14.1
Evocations     | 4 6 8 10 | 10.3
Shields        | 5 |  5.0
Axes           | |  3.2
Dodging        | |  1.1

Action                   |  1- 3 |  4- 6 |  7- 9 | 10-12 || total
-------------------------+-------+-------+-------+-------++-------
Melee: Hand axe          |   120 |   131 |       |     6 ||   257
       Dagger            |       |    93 |       |       ||    93
       Dire flail        |       |     4 |   368 |   381 ||   753
       Eveningstar       |       |       |       |   414 ||   414
       Whip              |       |       |       |    13 ||    13
 Fire: Hunting sling     |       |     3 |       |       ||     3
       Blowgun           |       |       |       |     9 ||     9
Throw: Tomahawk          |       |       |     6 |    25 ||    31
 Abil: Device Recharging |       |     1 |     2 |     6 ||     9
Evoke: Wand              |       |     5 |    18 |    85 ||   108
       Rod               |       |       |       |    12 ||    12
  Use: Scroll            |       |     6 |     9 |    19 ||    34
       Potion            |       |       |       |     8 ||     8
 Stab: Paralysed         |     1 |     1 |     6 |    24 ||    32
       Sleeping          |       |     6 |     1 |       ||     7
       Confused          |       |     2 |       |    17 ||    19
       Distracted        |       |       |     1 |       ||     1
       Petrifying        |       |       |       |     1 ||     1
  Eat: Chunk             |       |     6 |     8 |    18 ||    32
       Beef jerky        |       |     1 |       |     1 ||     2
       Royal jelly       |       |       |     1 |       ||     1
       Fruit             |       |       |       |     3 ||     3
       Bread ration      |       |       |       |     2 ||     2
       Pizza             |       |       |       |     2 ||     2
Armor: Leather armour    |    51 |    48 |       |       ||    99
       Scale mail        |       |    37 |    44 |       ||    81
       Chain mail        |       |       |   186 |   404 ||   590
       Skin              |       |       |       |     1 ||     1
Dodge: Dodged            |    95 |   113 |   142 |   232 ||   582
Block: Buckler           |       |       |       |    94 ||    94
